 Dungeon Crawl Stone Soup version 0.26-b1-57-gb162d0664a (webtiles) character file.

Game seed: 6061740994915088133

2606 Froggeryz the Basher (level 9, -1/74 HPs)
             Began as a Minotaur Berserker on Jan 8, 2021.
             Was an Elder of Trog.
             Slain by a killer bee (6 damage)
             ... on level 7 of the Dungeon.
             The game lasted 00:04:35 (6803 turns).

Froggeryz the Basher (Minotaur Berserker)           Turns: 6803, Time: 00:04:35

Health: -1/74      AC:  9    Str: 23    XL:     9   Next: 33%
Magic:  8/8        EV: 15    Int:  4    God:    Trog [****..]
Gold:   333        SH:  0    Dex: 12    Spells: 8/8 levels left

rFire    . . .     SeeInvis .   v - +0 flail
rCold    . . .     Faith    .   (no shield)
rNeg     . . .     Spirit   .   e - +0 scale mail
rPois    .         Reflect  .   (helmet restricted)
rElec    .         Harm     .   w - +1 cloak
rCorr    .         Rampage  .   (no gloves)
Will     .....                  (no boots)
Stlth    ..........             (no amulet)
HPRegen  0.22/turn              f - +4 ring of evasion
MPRegen  0.11/turn              (no ring)

@: lethally poisoned (-1 -> -15), berserk cooldown, attractive, hasted and
slowed
A: retaliatory headbutt, horns 2
a: Renounce Religion, Berserk, Trog's Hand, Brothers in Arms


You were on level 7 of the Dungeon.
You worshipped Trog.
Trog was greatly pleased with you.
You visited 1 branch of the dungeon, and saw 7 of its levels.

You collected 333 gold pieces.

Inventory:

Hand Weapons
 t - a +0 morningstar
 v - a +0 flail (weapon)
Armour
 e - a +0 scale mail (worn)
 w - a +1 cloak (worn)
Jewellery
 f - a +4 ring of evasion (left hand)
Wands
 a - a wand of acid (12)
 n - a wand of flame (16)
 s - a wand of iceblast (22)
Scrolls
 b - 5 scrolls of remove curse
 g - a scroll of identify
 h - a scroll of teleportation
 q - 2 scrolls of enchant armour
Potions
 c - 2 potions of attraction
 d - a potion of haste
 i - a potion of magic {unknown}
 j - a potion of brilliance {unknown}
 k - a potion of heal wounds {unknown}
 l - a potion of degeneration {unknown}
 m - 2 potions of curing {unknown}
 p - 2 potions of might {unknown}
 r - a potion of mutation {unknown}
 u - a potion of invisibility {unknown}


   Skills:
 + Level 5.3 Fighting
 * Level 14.0 Maces & Flails
 + Level 4.4 Armour
 - Level 2.1 Dodging


You had 8 spell levels left.
You didn't know any spells.
Your spell library was empty.

Dungeon Overview and Level Annotations

Branches:
Dungeon (7/15)             Temple (0/1) D:7

Altars:
Uskayaw

Annotations:
D:4 2 transporters


Innate Abilities, Weirdness & Mutations

You reflexively headbutt those who attack you in melee.
You have a pair of horns on your head.


Message History

* * * LOW HITPOINT WARNING * * *
You feel very sick. The killer bee closely misses you.
The killer bee misses you. You furiously retaliate!
You headbutt the killer bee. The killer bee closely misses you.
You furiously retaliate!
You headbutt the killer bee. You miss the killer bee.
Your headbutt misses the killer bee.
The killer bee is moderately wounded.
* * * LOW HITPOINT WARNING * * *
You feel sick. The killer bee stings you.
* * * LOW HITPOINT WARNING * * *
The killer bee barely misses you.
It was a potion of haste.
You feel yourself speed up.
* * * LOW HITPOINT WARNING * * *
You feel very sick. The killer bee closely misses you. You furiously retaliate!
You headbutt the killer bee.
The killer bee stings you but does no damage.
The killer bee stings you.
You die...

...........# #.#
#####.##########.#
...............#.#
...###....####.#.#
...##.....+ #.#.#
<..'.)....## #.#.#
..[##........#.#.#
...##........#.#.#
...##.....#.##.#@#
...##.#'#>#..#'#y#
...##+#.#.##...))#
........#.##.....#
........#........#
..............>..#
#...........>....#
#................#
..............##.#


You could see a killer bee.

Vanquished Creatures
  2 orc warriors
  A sky beast (D:6)
  3 ice beasts (D:7)
  An ogre (D:7)
  2 centaurs
  5 bullfrogs
  2 scorpions
  8 killer bees (D:7)
  4 wights (D:7)
  A hound (D:4)
  A jelly (D:5)
  3 orc priests
  3 bullfrog skeletons
  Jessica (D:2)
  2 centaur skeletons
  5 orc wizards
  An iguana (D:5)
  4 worker ants
  A killer bee zombie (D:5)
  10 gnolls
  5 adders
  2 shadow imps
  2 white imps
  An ooze (D:5)
  5 worms
  3 dart slugs
  6 leopard geckos
  19 orcs
  A ball python (D:1)
  2 giant cockroaches
  3 hobgoblins
  5 jackals (D:4)
  4 kobolds
  5 quokkas
  3 bats
  3 frilled lizards
  7 goblins
  A jackal zombie (D:6)
  A quokka skeleton (D:6)
  A quokka zombie (D:5)
  4 rats
143 creatures vanquished.

Notes
Turn   | Place    | Note
-------+----------+-------------------------------------------
     0 | D:1      | Froggeryz the Minotaur Berserker began the quest for the
                  | Orb.
     0 | D:1      | Reached XP level 1. HP: 19/19 MP: 0/0
   211 | D:1      | Reached skill level 4 in Maces & Flails
   260 | D:1      | Reached XP level 2. HP: 26/26 MP: 1/1
   888 | D:2      | Noticed Jessica
   893 | D:2      | Killed Jessica
   894 | D:2      | Reached skill level 5 in Maces & Flails
   894 | D:2      | Reached XP level 3. HP: 19/31 MP: 2/2
  1071 | D:2      | You fall into a shaft and drop 1 floor!
  1078 | D:3      | Reached skill level 6 in Maces & Flails
  1078 | D:3      | Reached XP level 4. HP: 39/39 MP: 3/3
  1233 | D:2      | Reached ** piety under Trog
  1486 | D:3      | Found a hide-covered altar of Uskayaw.
  1637 | D:3      | Reached skill level 7 in Maces & Flails
  1637 | D:3      | Reached XP level 5. HP: 41/45 MP: 4/4
  1732 | D:3      | Found a faded altar of an unknown god.
  2364 | D:4      | Reached skill level 8 in Maces & Flails
  2518 | D:4      | Reached XP level 6. HP: 51/51 MP: 5/5
  2737 | D:4      | Found a transporter.
  2752 | D:4      | Found a transporter.
  3347 | D:5      | Entered Level 5 of the Dungeon
  3470 | D:5      | Reached skill level 9 in Maces & Flails
  3683 | D:5      | Reached *** piety under Trog
  3908 | D:5      | Reached XP level 7. HP: 44/57 MP: 6/6
  4099 | D:5      | Reached skill level 10 in Maces & Flails
  4845 | D:6      | Reached skill level 11 in Maces & Flails
  5465 | D:6      | Reached XP level 8. HP: 61/64 MP: 7/7
  5744 | D:6      | Reached skill level 12 in Maces & Flails
  6105 | D:7      | Reached **** piety under Trog
  6237 | D:7      | Found a staircase to the Ecumenical Temple.
  6302 | D:7      | Reached skill level 13 in Maces & Flails
  6436 | D:7      | Reached XP level 9. HP: 65/72 MP: 8/8
  6759 | D:7      | Reached skill level 5 in Fighting
  6799 | D:7      | Reached skill level 14 in Maces & Flails
  6803 | D:7      | Slain by a killer bee

Illustrated notes

Levels and vault maps discovered:
D:1:      lightli_arrival_boilingwater, layout_rooms,
          chequers_serial_rivers_large_b
D:2:      layout_basic, uniq_jessica
D:3:      layout_basic, eat_drink_and_be_merry_uskayaw,
          chequers_ecumenical_altar_grove
D:4:      gammafunk_steamed_eel, layout_cave_pods
D:5:      layout_basic, minmay_tree_intersection
D:6:      layout_gridville, minmay_misc_feat_iff
D:7:      layout_basic, minmay_temple_entry_junction_2

Skill      XL: |  1  2  3  4  5  6  7  8  9 |
---------------+----------------------------+-----
Maces & Flails | 4 5 6 7 8 9 11 13 14 | 14.0
Fighting       | 4 5 |  5.3
Armour         | 3 4 |  4.4
Dodging        | |  2.1

Action                   |  1- 3 |  4- 6 |  7- 9 || total
-------------------------+-------+-------+-------++-------
Melee: Mace              |    46 |   152 |    74 ||   272
       Headbutt          |     4 |    29 |    30 ||    63
       Flail             |       |       |   133 ||   133
Invok: Berserk           |       |     1 |     8 ||     9
       Trog's Hand       |       |       |     1 ||     1
  Use: Scroll            |     2 |     2 |     4 ||     8
       Potion            |       |       |     2 ||     2
Armor: Animal skin       |     7 |       |       ||     7
       Chain mail        |    12 |    17 |       ||    29
       Scale mail        |       |    27 |    49 ||    76
Dodge: Dodged            |    33 |    74 |   134 ||   241
